 Dungeon Crawl Stone Soup version 0.25-a0-949-gdd2af9e06e (webtiles) character file.

Game seed: 6251896866567617364, levelgen mode: deterministic

50942 Abmis123 the Carver (level 14, 127/127 HPs)
             Began as a Green Draconian Chaos Knight on Jan 24, 2020.
             Was a Plaything of Xom.
             Quit the game on level 11 of the Dungeon on May 8, 2020.
             The game lasted 03:19:53 (33365 turns).

Abmis123 the Carver (Green Draconian Chaos Knight) Turns: 33365, Time: 03:19:54

Health: 127/127    AC: 13    Str: 16      XL:     14   Next: 21%
Magic:  25/25      EV: 16    Int:  6 (7)  God:    Xom [....*.]
Gold:   1315       SH:  0    Dex: 12      Spells: 16/28 levels left

rFire    + . .     SeeInvis .   U - +1 great sword (chaos)
rCold    . . .     Gourm    .   (shield currently unavailable)
rNeg     . . .     Faith    .   (armour unavailable)
rPois    +         Spirit   .   q - +2 hat
rElec    .         Reflect  .   J - +0 cloak
rCorr    .         Harm     .   V - +0 pair of gloves
MR       +....     Clarity  +   (no boots)
Stlth    +++.......             (no amulet)
HPRegen  0.31/turn              P - -4 ring of intelligence (curse)
MPRegen  0.19/turn              (no ring)

@: no status effects
A: breathe noxious fumes, unfitting armour, horns 1, stinger 2, camouflage 1,
blink, clarity, clumsy 1, deterioration 1, dopey 1, fire resistance 1, poison
resistance, shaggy fur 1, wild magic 1, cold-blooded, AC +8
a: Breathe Noxious Fumes, Blink, Renounce Religion


You were on level 11 of the Dungeon.
You worshipped Xom.
You were a beloved toy of Xom.
You were not hungry.

You visited 2 branches of the dungeon, and saw 17 of its levels.

You collected 1315 gold pieces.

Inventory:

Hand Weapons
 U - a +1 great sword of chaos (weapon)
Missiles
 c - 13 javelins
 e - 11 datura-tipped darts
 g - 27 sling bullets
 i - 9 atropa-tipped darts
 p - 46 poisoned darts
 v - 20 boomerangs (quivered)
 z - 2 throwing nets
Armour
 f - a scarf of spirit shield
 q - a +2 hat (worn)
 J - a +0 cloak (worn)
 V - a +0 pair of gloves (worn)
Jewellery
 P - a cursed -4 ring of intelligence (left hand)
 S - an uncursed amulet of harm
Wands
 s - a wand of clouds (5)
 t - a wand of flame (34)
 y - a wand of paralysis (5)
 D - a wand of disintegration (6)
 G - a wand of iceblast (8)
 O - a wand of digging (10)
 Q - a wand of polymorph (6)
 Z - a wand of acid (6)
Scrolls
 d - 7 scrolls of remove curse
 h - 2 scrolls of immolation
 r - 2 scrolls of enchant armour {unknown}
 x - 6 scrolls of amnesia
 A - 2 scrolls of fear
 B - a scroll of vulnerability {unknown}
 E - 2 scrolls of torment
 K - 6 scrolls of teleportation
 R - a scroll of magic mapping {unknown}
 T - a scroll of noise {unknown}
Potions
 a - a potion of ambrosia {unknown}
 j - 3 potions of mutation
 k - 3 potions of magic
 l - 4 potions of invisibility
 m - a potion of degeneration {unknown}
 o - 5 potions of cancellation
 u - 4 potions of heal wounds {unknown}
 w - 6 potions of stabbing
 C - 8 potions of curing
 F - 4 potions of berserk rage {unknown}
 H - a potion of brilliance {unknown}
 I - 4 potions of might {unknown}
 L - 3 potions of flight {unknown}
 M - 2 potions of lignification {unknown}
 W - 3 potions of resistance
Miscellaneous
 n - a removed lamp of fire
 N - a phial of floods (inert)
 X - a lightning rod (4/4)
Comestibles
 b - 27 rations
 Y - a chunk of flesh


   Skills:
 - Level 12.7 Fighting
 + Level 14.7 Long Blades
 - Level 8.0 Dodging
 - Level 2.0 Stealth
 * Level 7.5 Spellcasting
 - Level 2.1 Charms
 - Level 6.0 Summonings
 - Level 3.0 Necromancy
 - Level 7.0 Ice Magic
 - Level 6.0 Evocations


You had 16 spell levels left.
You knew the following spells:

 Your Spells              Type           Power        Failure   Level  Hunger
a - Ozocubu's Armour      Chrm/Ice       ##......     16%         3    ###....
b - Summon Ice Beast      Ice/Summ       ##......     22%         4    #####..
c - Freeze                Ice            ##..         2%          1    #......
d - Swiftness             Chrm/Air       #.......     30%         2    ##.....
e - Animate Skeleton      Necr           N/A          11%         1    #......
f - Summon Butterflies    Summ           ##......     3%          1    #......

Your spell library contained the following spells:

 Spells                   Type           Power        Failure   Level  Hunger
 Call Canine Familiar     Summ           ##......     10%         3    ###....
 Pain                     Necr           #...         11%         1    #......
 Vampiric Draining        Necr           #.........   28%         3    ###....
 Shock                    Conj/Air       #...         32%         1    #......
 Hailstorm                Conj/Ice       #.......     58%         4    #####..
 Animate Dead             Necr           N/A          63%         4    #####..
 Confusing Touch          Hex            #.......     65%         3    ###....
 Gell's Gravitas          Tloc           #.........   65%         3    ###....
 Static Discharge         Conj/Air       #.......     65%         3    ###....
 Metabolic Englaciation   Hex/Ice        #.........   88%         5    ######.
 Agony                    Necr           #.......     92%         5    ######.
 Summon Mana Viper        Hex/Summ       #.......     92%         5    ######.
 Airstrike                Air            #.........   96%         4    #####..
 Petrify                  Tmut/Erth      #.......     96%         4    #####..
 Irradiate                Conj/Tmut      #.........   100%        5    ######.
 Lightning Bolt           Conj/Air       #.........   100%        5    ######.
 Yara's Violent Unravell  Hex/Tmut       #.........   100%        5    ######.
 Hydra Form               Tmut           #.........   100%        6    #######
 Statue Form              Tmut/Erth      #........    100%        6    #######
 Dragon Form              Tmut           #.........   100%        7    #######
 Summon Hydra             Summ           ##........   100%        7    #######


Dungeon Overview and Level Annotations

Branches:
Dungeon (11/15)            Temple (0/1) D:6            Lair (6/6) D:10
  Swamp (0/4) Lair:3       Spider (0/4) Lair:4        Slime (0/5) Lair:6
    Orc: D:9-12

Altars:
Ashenzari
Cheibriados
Kikubaaqudgha
Okawaru
Qazlal
Ru
Sif Muna
Trog
Uskayaw
Xom
Zin

Annotations:
Lair:3 exclusion: downstairs
Lair:4 exclusion: 2 oklob plants
Lair:5 Rupert


Innate Abilities, Weirdness & Mutations

You can breathe blasts of noxious fumes.
Your lurid green scales are hard. (AC +8)
You cannot fit into any form of body armour.
Your tail ends in a sharp poisonous barb.
Your system is resistant to poisons. (rPois)
You are cold-blooded and may be slowed by cold attacks.
You have a pair of small horns on your head.
Your skin changes colour to match your surroundings (Stealth+).
You can translocate small distances at will.
You possess an exceptional clarity of mind.
You are clumsy. (Dex -2)
Your body sometimes deteriorates upon taking damage.
You are dopey. (Int -2)
Your flesh is heat resistant. (rF+)
You are covered in fur. (AC +1)
Your spells are a little harder to cast, but a little more powerful.


Message History

Casting: Summon Ice Beast (slightly dangerous; 22% risk of failure)
Confirm with . or Enter, or press ? or * to list all spells.
You attempt to give life to the dead...
Before your eyes, flesh is ripped from the corpse!
The dead are walking!
You see here 4 inedible chunks of flesh.
Things that are here:
a +2 dagger of flaming; a +0 robe Your pack is full.
You see here a scroll of enchant weapon.
Unknown command.
Save game and exit?
Welcome back, Abmis123 the Green Draconian Chaos Knight.
Xom titters.
Press ? for a list of commands and other information.
Save game and exit?
Welcome back, Abmis123 the Green Draconian Chaos Knight.
Xom snickers.
Press ? for a list of commands and other information.
Are you sure you want to abandon this character and quit the game? (Confirm with "yes".)

#.)#.# . #...... #..#.#
#. #.##... #[.#.# .#
#.###.# #..#.# ###.# #.#
# #..#.. #.#.# #..
#.###Z.#######.#.# ##.
..#.......)......#.# #.
........########.#.#####
.......@?..# #.#......
#####..#.#.# #.#######
#......# #.# #....
#.$#.### #.###.###
#....# #.#...... #..$.#
#.#.#.### #....# #...#.#
# #....# #####.# # #.#


You could see a friendly seven-headed hydra skeleton.

Vanquished Creatures
  Kirke (Lair:4)
  2 hydras
  A catoblepas (Lair:6)
  2 death yaks (Lair:6)
  A fire crab (shapeshifter) (Lair:3)
  A sea snake (shapeshifter) (D:4)
  An unseen horror (D:11)
  A harpy (Lair:3)
  2 orb spiders
  2 manticores (Lair:6)
  2 elephants
  An ugly thing (D:11)
  3 black mambas
  11 spiny frogs
  3 torpor snails (Lair:6)
  Joseph (D:9)
  A rime drake (Lair:4)
  6 komodo dragons
  A queen bee (Lair:5)
  A tyrant leech (Lair:3)
  13 polar bears
  A hornet (D:10)
  2 raiju (Lair:6)
  8 dream sheep
  2 slime creatures (Lair:6)
  14 blink frogs
  4 hippogriffs
  A shadow (D:8)
  Sigmund (D:3)
  A vampire (D:7)
  4 wyverns
  42 yaks
  A fire bat (D:5)
  2 basilisks
  2 hungry ghosts
  5 hogs
  A swamp worm (shapeshifter) (D:6)
  2 wargs (Lair:6)
  9 hell hounds (Lair:6)
  A swamp worm (Lair:3)
  10 water moccasins
  12 porcupines
  6 orc warriors
  An ice beast (D:10)
  4 sky beasts
  A phantom (D:5)
  9 black bears (Lair:6)
  A centaur (D:9)
  7 ogres
  23 wolves
  5 crocodiles
  A gnoll sergeant (D:5)
  17 bullfrogs
  5 scorpions
  A wyvern skeleton (D:7)
  4 wights (D:7)
  6 killer bees
  4 electric eels
  A lava snake (Lair:5)
  4 crimson imps
  4 howler monkeys
  A bullfrog zombie (D:5)
  13 hounds
  A gnoll shaman (D:9)
  8 orc priests
  9 orc wizards
  Jessica (D:3)
  4 jellies
  An iguana (D:5)
  8 worker ants
  17 hell rats
  A killer bee zombie (D:10)
  2 hound zombies
  A hound skeleton (D:5)
  10 adders
  16 gnolls
  3 howler monkey skeletons
  13 river rats (Lair:3)
  4 shadow imps
  3 oozes
  An adder zombie (D:8)
  A worm (D:5)
  2 dart slugs
  4 leopard geckos
  37 orcs
  6 bats
  7 giant cockroaches
  12 goblins
  15 hobgoblins
  15 jackals
  10 quokkas
  5 frilled lizards
  18 kobolds
  18 rats
  A fungus (Lair:5)
  2 plants
556 creatures vanquished.

Vanquished Creatures (collateral kills)
  2 hydras
  2 death yaks
  A two-headed ogre (D:10)
  3 elephants
  A spiny frog (Lair:2)
  A rime drake (Lair:6)
  A polar bear (Lair:6)
  3 blink frogs
  A raiju (Lair:6)
  A hippogriff (Lair:6)
  2 dream sheep (Lair:5)
  3 yaks
  A hog (Lair:4)
  2 wargs (Lair:6)
  4 hell hounds (Lair:6)
  2 orc warriors (D:7)
  A water moccasin (Lair:2)
  2 black bears (Lair:6)
  A crocodile (Lair:5)
  A killer bee (D:9)
  An orc wizard (D:7)
  An orc priest (D:7)
  2 orcs (D:7)
  3 plants (Lair:6)
42 creatures vanquished.

Vanquished Creatures (others)
  A death yak (Lair:3)
  A torpor snail (Lair:6)
  A hell hound (Lair:6)
  A bullfrog skeleton (D:6)
  A giant cockroach (D:4)
  A hobgoblin (D:9)
  A kobold (D:1)
  28 fungi
  42 plants
77 creatures vanquished.

Grand Total: 675 creatures vanquished

Notes
Turn   | Place    | Note
-------+----------+-------------------------------------------
     0 | D:1      | Abmis123 the Draconian Chaos Knight began the quest for the
                  | Orb.
     0 | D:1      | Reached XP level 1. HP: 19/19 MP: 1/1
   188 | D:1      | Reached skill level 1 in Stealth
   313 | D:1      | Reached XP level 2. HP: 26/26 MP: 2/2
   980 | D:1      | XOM: 1-stop teleportation journey
  1079 | D:1      | XOM: cloud trail
  1125 | D:1      | Reached XP level 3. HP: 23/31 MP: 3/3
  1578 | D:2      | XOM: 1-stop teleportation journey
  1622 | D:2      | Reached skill level 4 in Long Blades
  1975 | D:2      | Reached XP level 4. HP: 32/38 MP: 4/4
  2240 | D:2      | XOM: summons 2 hostile demons
  2508 | D:2      | XOM: medium Tmut miscast
  2644 | D:2      | Reached skill level 5 in Long Blades
  2973 | D:2      | Found a shattered altar of Ashenzari.
  2973 | D:2      | Found a shimmering blue altar of Sif Muna.
  3292 | D:2      | XOM: mild Air miscast
  3352 | D:2      | XOM: harmless Erth miscast
  3429 | D:2      | Reached XP level 5. HP: 45/45 MP: 5/5
  3562 | D:3      | XOM: mild Air miscast
  3601 | D:3      | XOM: harmless Necr miscast
  3839 | D:3      | Reached skill level 6 in Long Blades
  3932 | D:3      | Noticed Sigmund
  4244 | D:4      | XOM: 2-stop teleportation journey
  4275 | D:4      | XOM: medium Fire miscast
  4614 | D:4      | Reached XP level 6. HP: 35/51 MP: 6/6
  4774 | D:4      | XOM: noise
  4874 | D:4      | Noticed a shapeshifter
  4874 | D:4      | an adder changed into a shapeshifter
  4874 | D:4      | XOM: polymorph adder -> shapeshifter
  4874 | D:4      | Noticed a polar bear
  4874 | D:4      | a shapeshifter changed into a polar bear
  5101 | D:4      | Learned a level 3 spell: Ozocubu's Armour
  5165 | D:4      | XOM: harmless Conj miscast
  5206 | D:4      | Noticed an ice beast
  5361 | D:5      | Entered Level 5 of the Dungeon
  5361 | D:5      | Noticed a sky beast
  5376 | D:4      | Killed a sky beast
  5376 | D:4      | Reached skill level 1 in Ice Magic
  5382 | D:5      | Found a transporter.
  5393 | D:5      | XOM: polymorph ooze -> worm
  5414 | D:5      | Noticed a fire bat
  5443 | D:5      | XOM: noise
  5467 | D:5      | Your scales start taking on a lurid green colour.
  5467 | D:5      | Reached XP level 7. HP: 58/58 MP: 7/7
  5467 | D:5      | Gained mutation: Your system is resistant to poisons.
                  | (rPois) [Green Draconian growth]
  5487 | D:5      | XOM: blink monster(s)
  5505 | D:5      | XOM: god gift: glass wand {god gift}
  5512 | D:5      | Reached skill level 7 in Long Blades
  5673 | D:3      | Reached skill level 1 in Evocations
  5762 | D:3      | XOM: noise
  5773 | D:3      | Noticed Jessica
  5782 | D:3      | Killed Jessica
  5951 | D:3      | XOM: potion effect (berserk rage)
  5962 | D:3      | Killed Sigmund
  6198 | D:4      | XOM: medium Necr miscast
  6489 | D:5      | Reached XP level 8. HP: 66/66 MP: 10/10
  6708 | D:5      | Found a transporter.
  6989 | D:5      | Reached skill level 5 in Ice Magic
  7137 | D:5      | XOM: give mutation
  7137 | D:5      | Gained mutation: Scrolls take you a little longer to read.
                  | [Xom's mischief]
  7493 | D:6      | XOM: scenery: create altars
  7631 | D:5      | XOM: give mutations
  7631 | D:5      | Gained mutation: You are robust. (+10% HP) [Xom's mischief]
  7631 | D:5      | Gained mutation: You possess an exceptional clarity of
                  | mind. [Xom's mischief]
  7631 | D:5      | Lost mutation: Scrolls take you a little longer to read.
                  | [Xom's mischief]
  7631 | D:5      | Gained mutation: You are dopey. (Int -2) [Xom's mischief]
  7737 | D:6      | Reached skill level 8 in Long Blades
  7749 | D:6      | Noticed a glowing shapeshifter
  7749 | D:6      | a hound changed into a glowing shapeshifter
  7749 | D:6      | a glowing shapeshifter changed into a floating eye
  7850 | D:5      | XOM: summons 4 hostile demons
  7851 | D:5      | Noticed a sixfirhy
  7879 | D:5      | HP: 2/72 [shadow imp[Xom] (2)]
  7908 | D:5      | Reached skill level 1 in Charms
  8003 | D:5      | XOM: noise
  8361 | D:5      | XOM: summons 3 hostile demons
  8382 | D:6      | Reached XP level 9. HP: 61/78 MP: 12/12
  8568 | D:6      | Found a staircase to the Ecumenical Temple.
  8793 | D:6      | XOM: divination: detect creatures
  8850 | D:6      | XOM: harmless Ice miscast
  9125 | D:7      | XOM: give mutations
  9125 | D:7      | Gained mutation: You have sharp toenails. [Xom's grace]
  9125 | D:7      | Gained mutation: Your flesh is heat resistant. (rF+) [Xom's
                  | grace]
  9385 | D:7      | XOM: scenery: 2 doors close
  9392 | D:7      | XOM: confuse monster(s)
  9400 | D:7      | Reached skill level 1 in Spellcasting
  9447 | D:7      | XOM: polymorph sky beast -> bullfrog
  9557 | D:7      | XOM: summons 9 friendly demons
  9571 | D:7      | Reached skill level 5 in Evocations
  9574 | D:7      | XOM: scenery: 3 doors close
  9579 | D:7      | Reached skill level 9 in Long Blades
  9804 | D:7      | XOM: blink monster(s)
  9926 | D:7      | XOM: chaos upgrade
 10102 | D:7      | XOM: scenery: 2 doors close
 10195 | D:7      | XOM: cloud trail
 10223 | D:7      | XOM: god gift: 52 gold pieces
 10394 | D:7      | XOM: harmless Air miscast
 10471 | D:8      | XOM: noise
 10493 | D:8      | XOM: 1-stop teleportation journey
 10840 | D:6      | XOM: medium Necr miscast
 10862 | D:7      | XOM: harmless Summ miscast
 10960 | D:8      | XOM: summons 4 hostile shadow creatures
 10997 | D:7      | XOM: mild Tmut miscast
 11032 | D:8      | XOM: mild Tloc miscast
 11348 | D:8      | XOM: enchant monster (good)
 11354 | D:8      | XOM: butterfly on damage
 11358 | D:8      | Reached XP level 10. HP: 55/85 MP: 15/15
 11509 | D:7      | XOM: enchant monster (good)
 11513 | D:7      | XOM: harmless Necr miscast
 11515 | D:7      | XOM: harmless Tmut miscast
 11705 | D:7      | Learned a level 4 spell: Summon Ice Beast
 11828 | D:8      | Found a hide-covered altar of Uskayaw.
 11828 | D:8      | Noticed a +0 dagger
 11853 | D:8      | Noticed a deep elf mage
 11867 | D:8      | Noticed a +0 hand axe
 11884 | D:8      | XOM: summons friendly quasit
 11982 | D:9      | Reached skill level 1 in Summonings
 12024 | D:9      | XOM: harmless Fire miscast
 12127 | D:9      | XOM: 1-stop teleportation journey
 12343 | D:9      | Reached skill level 10 in Long Blades
 12566 | D:9      | XOM: 1-stop teleportation journey
 12759 | D:9      | Learned a level 1 spell: Freeze
 12974 | D:9      | Found an iron altar of Okawaru.
 12981 | D:9      | Found a glowing silver altar of Zin.
 12986 | D:9      | Found a stormy altar of Qazlal.
 12993 | D:9      | Found a sacrificial altar of Ru.
 12998 | D:9      | Found a bloodstained altar of Trog.
 13005 | D:9      | Found a snail-covered altar of Cheibriados.
 13024 | D:9      | Found an ancient bone altar of Kikubaaqudgha.
 13051 | D:9      | XOM: mild Tmut miscast
 13095 | D:9      | XOM: medium Necr miscast
 13139 | D:9      | XOM: give mutations
 13139 | D:9      | Gained mutation: You have a pair of small horns on your
                  | head. [Xom's mischief]
 13139 | D:9      | Gained mutation: You are very robust. (+20% HP) [Xom's
                  | mischief]
 13139 | D:9      | Lost mutation: You have sharp toenails. [Xom's mischief]
 13353 | D:9      | Noticed Joseph
 13586 | D:9      | Killed Joseph
 13586 | D:9      | XOM: harmless Tmut miscast
 13593 | D:9      | XOM: polymorph gnoll shaman -> hound
 13609 | D:9      | Reached skill level 5 in Summonings
 13912 | D:9      | XOM: harmless Fire miscast
 14119 | D:9      | XOM: mild Summ miscast
 14447 | D:10     | Entered Level 10 of the Dungeon
 14539 | D:10     | XOM: cast spell 'Statue Form'
 14574 | D:10     | Found a staircase to the Lair.
 14574 | D:10     | XOM: noise
 14656 | D:10     | Noticed a two-headed ogre
 14721 | D:10     | XOM: harmless Hex miscast
 14777 | D:10     | Reached skill level 11 in Long Blades
 15065 | D:10     | XOM: fog
 15539 | D:10     | Killed a two-headed ogre
 15539 | D:10     | Reached XP level 11. HP: 99/99 MP: 5/17
 15605 | D:10     | XOM: summons 5 hostile demons
 15729 | D:9      | XOM: scenery: create altars
 15792 | Lair:1   | Entered Level 1 of the Lair of Beasts
 16166 | Lair:1   | XOM: 7-stop teleportation journey
 16465 | Lair:1   | XOM: scenery: create altars
 16550 | Lair:1   | XOM: scenery: create altars
 17358 | Lair:1   | XOM: harmless Tmut miscast
 17468 | Lair:2   | XOM: harmless Conj miscast
 17488 | Lair:2   | XOM: silly message
 17681 | Lair:2   | XOM: potion effect (invisibility)
 17690 | Lair:2   | XOM: harmless Conj miscast
 17702 | Lair:2   | XOM: potion effect (invisibility)
 17702 | Lair:2   | XOM: smoke on damage
 17707 | Lair:2   | XOM: harmless Hex miscast
 17710 | Lair:2   | Reached skill level 12 in Long Blades
 17772 | Lair:2   | XOM: confuse monster(s)
 17942 | Lair:2   | XOM: summons friendly white imp
 18188 | Lair:2   | XOM: god gift: 16 arrows
 18211 | Lair:2   | Noticed an orb spider
 18211 | Lair:2   | a yak changed into an orb spider
 18228 | Lair:2   | XOM: enchant monster (good)
 18233 | Lair:2   | Reached skill level 5 in Fighting
 18243 | Lair:2   | Killed an orb spider
 19009 | Lair:2   | XOM: god gift: glowing great sword {god gift}
 19578 | Lair:3   | Noticed a harpy
 19578 | Lair:3   | a komodo dragon changed into a harpy
 19578 | Lair:3   | XOM: polymorph komodo dragon -> harpy
 19582 | Lair:3   | Killed a harpy
 19700 | Lair:3   | Noticed a death yak
 19803 | Lair:3   | XOM: confuse monster(s)
 19818 | Lair:3   | XOM: 9-stop teleportation journey
 19841 | Lair:3   | XOM: scenery: create altars
 20110 | Lair:3   | XOM: cleaving
 20669 | Lair:3   | XOM: silly message
 20852 | Lair:3   | XOM: god gift: throwing net
 20862 | Lair:3   | XOM: scenery: create altars
 21269 | Lair:3   | XOM: cast spell 'Summon Horrible Things'
 21270 | Lair:3   | Reached XP level 12. HP: 97/121 MP: 18/18
 21281 | Lair:3   | Noticed a death yak
 21290 | Lair:3   | Killed a death yak
 21296 | Lair:3   | Reached skill level 5 in Dodging
 21416 | Lair:3   | Noticed an eight-headed hydra
 21425 | Lair:3   | XOM: destruction
 21497 | Lair:3   | Found a staircase to the Swamp.
 21566 | Lair:3   | Banished a death yak
 21687 | Lair:3   | XOM: scenery: create altars
 21732 | Lair:3   | XOM: give mutation
 21732 | Lair:3   | Gained mutation: You have large cloven feet. [Xom's grace]
 21857 | Lair:3   | XOM: scenery: create altars
 21905 | Lair:3   | XOM: give mutations
 21905 | Lair:3   | Gained mutation: You can translocate small distances at
                  | will. [Xom's grace]
 21905 | Lair:3   | Gained mutation: Your skin changes colour to match your
                  | surroundings (Stealth+). [Xom's grace]
 21905 | Lair:3   | Gained mutation: Your spells are a little harder to cast,
                  | but a little more powerful. [Xom's grace]
 21956 | Lair:4   | Reached skill level 13 in Long Blades
 21997 | Lair:4   | Found a hole to the Spider Nest.
 21997 | Lair:4   | XOM: 2-stop teleportation journey
 22005 | Lair:4   | Learned a level 2 spell: Swiftness
 22035 | Lair:4   | XOM: swap monsters
 22168 | Lair:3   | XOM: confuse monster(s)
 22172 | Lair:3   | XOM: confuse monster(s)
 22340 | Lair:3   | XOM: give mutation
 22340 | Lair:3   | Gained mutation: You have a pair of horns on your head.
                  | [Xom's grace]
 22701 | Lair:4   | Learned a level 1 spell: Animate Skeleton
 22720 | Lair:3   | XOM: give mutations
 22720 | Lair:3   | Gained mutation: Your body sometimes deteriorates upon
                  | taking damage. [Xom's mischief]
 22720 | Lair:3   | Gained mutation: You are clumsy. (Dex -2) [Xom's mischief]
 22720 | Lair:3   | Lost mutation: You are dopey. (Int -2) [Xom's mischief]
 22720 | Lair:3   | Lost mutation: You possess an exceptional clarity of mind.
                  | [Xom's mischief]
 22772 | Lair:4   | Noticed Kirke
 22779 | Lair:4   | Noticed a seven-headed hydra
 22865 | Lair:4   | XOM: 1-stop teleportation journey
 22873 | Lair:4   | Reached skill level 1 in Necromancy
 23191 | Lair:4   | XOM: divination: magic mapping
 23193 | Lair:3   | XOM: summons friendly ufetubus
 23227 | Lair:3   | XOM: fog
 23230 | Lair:3   | XOM: polymorph komodo dragon -> komodo dragon
 23267 | Lair:3   | XOM: swap monsters
 23715 | Lair:4   | XOM: give mutation
 23715 | Lair:4   | Gained mutation: You are covered in fur. (AC +1) [Xom's
                  | grace]
 23723 | Lair:4   | XOM: cast spell 'Leda's Liquefaction'
 23771 | Lair:4   | XOM: blink monster(s)
 23773 | Lair:4   | Reached skill level 10 in Fighting
 24150 | Lair:4   | Killed a seven-headed hydra
 24216 | Lair:4   | XOM: blink monster(s)
 24625 | Lair:4   | XOM: divination: magic mapping
 24710 | Lair:4   | XOM: mild Ice miscast
 25216 | Lair:4   | XOM: give mutations
 25216 | Lair:4   | Lost mutation: You have large cloven feet. [Xom's mischief]
 25216 | Lair:4   | Lost mutation: You are very robust. (+20% HP) [Xom's
                  | mischief]
 25216 | Lair:4   | Lost mutation: You are robust. (+10% HP) [Xom's mischief]
 25216 | Lair:4   | Lost mutation: You have a pair of horns on your head.
                  | [Xom's mischief]
 25683 | Lair:5   | XOM: mild Tmut miscast
 25744 | Lair:5   | XOM: severe Air miscast
 25751 | Lair:5   | XOM: polymorph blink frog -> queen bee
 25758 | Lair:5   | Reached XP level 13. HP: 93/116 MP: 11/19
 25875 | Lair:5   | Learned a level 1 spell: Summon Butterflies
 26131 | Lair:5   | XOM: medium Summ miscast
 26213 | Lair:4   | XOM: divination: magic mapping
 26216 | Lair:4   | XOM: divination: magic mapping
 26347 | Lair:5   | XOM: enchant monster (good)
 26370 | Lair:5   | Noticed Rupert
 26377 | Lair:5   | XOM: smoke on damage
 26628 | Lair:6   | Entered Level 6 of the Lair of Beasts
 26755 | Lair:6   | XOM: divination: magic mapping
 26986 | Lair:6   | Found a staircase to the Slime Pits.
 27101 | Lair:6   | XOM: cast spell 'Summon Butterflies'
 27102 | Lair:6   | XOM: noise
 27459 | Lair:6   | XOM: god gift: scroll of random uselessness
 27528 | Lair:6   | XOM: harmless Conj miscast
 27788 | Lair:6   | XOM: harmless Fire miscast
 27876 | Lair:6   | Reached skill level 14 in Long Blades
 28065 | Lair:6   | XOM: harmless Conj miscast
 28066 | Lair:6   | XOM: confusion
 28083 | Lair:6   | XOM: severe Tmut miscast
 28084 | Lair:6   | XOM: noise
 28487 | Lair:6   | XOM: confuse monster(s)
 28558 | Lair:6   | XOM: mild Fire miscast
 28697 | Lair:6   | XOM: give mutations
 28697 | Lair:6   | Gained mutation: You occasionally shout uncontrollably at
                  | your foes. [Xom's mischief]
 28697 | Lair:6   | Gained mutation: You are dopey. (Int -2) [Xom's mischief]
 28697 | Lair:6   | Lost mutation: You occasionally shout uncontrollably at
                  | your foes. [Xom's mischief]
 28697 | Lair:6   | Lost mutation: You have a pair of small horns on your head.
                  | [Xom's mischief]
 28802 | Lair:6   | XOM: torment (61/119 hp)
 28837 | Lair:6   | XOM: 2-stop teleportation journey
 28903 | Lair:6   | XOM: divination: detect creatures
 29017 | Lair:6   | XOM: harmless Hex miscast
 29315 | Lair:6   | XOM: harmless Pois miscast
 29316 | Lair:6   | XOM: noise
 29643 | Lair:6   | XOM: 5-stop teleportation journey
 29686 | Lair:6   | XOM: scenery: 1 doors open
 29728 | Lair:6   | Reached skill level 5 in Spellcasting
 29818 | Lair:6   | XOM: harmless Summ miscast
 29910 | Lair:6   | XOM: silly message
 29991 | Lair:6   | XOM: harmless Fire miscast
 30007 | Lair:6   | XOM: harmless Pois miscast
 30310 | Lair:6   | XOM: confusion
 30333 | Lair:6   | XOM: summons friendly iron imp
 31015 | Lair:6   | XOM: enchant monster (bad)
 31045 | Lair:6   | HP: 5/119 [manticore/volley of spikes (12)]
 31047 | Lair:6   | Gained mutation: Your tail ends in a poisonous barb. [Green
                  | Draconian growth]
 31047 | Lair:6   | Reached XP level 14. HP: 6/127 MP: 23/23
 31358 | Lair:6   | XOM: harmless Erth miscast
 31514 | Lair:6   | XOM: noise
 31621 | Lair:6   | XOM: noise
 31718 | Lair:4   | XOM: confuse monster(s)
 31732 | Lair:4   | Killed Kirke
 31817 | Lair:3   | XOM: harmless Tmut miscast
 31839 | Lair:3   | XOM: noise
 31860 | Lair:3   | XOM: enchant monster (bad)
 31862 | Lair:3   | XOM: potion effect (invisibility)
 32083 | Lair:3   | XOM: give mutations
 32083 | Lair:3   | Gained mutation: You have a pair of small horns on your
                  | head. [Xom's grace]
 32083 | Lair:3   | Gained mutation: You possess an exceptional clarity of
                  | mind. [Xom's grace]
 32083 | Lair:3   | Gained mutation: Your tail ends in a sharp poisonous barb.
                  | [Xom's grace]
 32578 | D:4      | XOM: cast spell 'Ring of Flames'
 33165 | D:11     | XOM: confuse monster(s)
 33297 | D:11     | XOM: scenery: create altars
 33365 | D:11     | Upgraded the game from 0.25-a0-426-g7d9e569eea to
                  | 0.25-a0-435-g4b9beb1024
 33365 | D:11     | Upgraded the game from 0.25-a0-435-g4b9beb1024 to
                  | 0.25-a0-949-gdd2af9e06e
 33365 | D:11     | Quit the game

Levels and vault maps discovered:
D:1:      minmay_arrival_loop, layout_loops_corners
D:2:      layout_basic, gammafunk_temple_overflow_elements, first_ration
D:3:      layout_basic, uniq_sigmund, uniq_jessica
D:4:      layout_cave_pods
D:5:      gammafunk_cloud_chamber, layout_gridville, kennysheep_boxes
D:6:      layout_rooms, minmay_temple_entry_statues_fountains
D:7:      layout_basic
D:8:      minmay_cut_squares, layout_loops_ring, dancing_weapons_uskayaw,
          gammafunk_ghost_hydra_chop, ashenzari_altar_1
D:9:      kennysheep_housing_project, layout_loops_ring,
          grunt_temple_overflow_octagram, uniq_joseph
D:10:     layout_irregular_city, grunt_lair_entry_orc_guard_hut
D:11:     layout_basic, david_orc_4, hangedman_ranch [blue_anna_fruit_fields],
          kennysheep_generic_room_3
Lair:1:   layout_cave_pods, ldierk_geyser, nicolae_quartered_pool_medium,
          infiniplex_staircase_pool, grunt_megastairs_3
Lair:2:   layout_loops_ring, lemuel_old_faithful, grunt_megastairs_4
Lair:3:   lemuel_ratsnest, layout_chaotic_city, minmay_swamp_entry_worms,
          chequers_serial_rivers_micro_c, minmay_shattered_shrine
Lair:4:   layout_regular_city, nicolae_spider_entry_orb_guardian,
          beast_lair_carwin_9, minmay_lair_oklob_chamber, serial_bayou_shore_a,
          serial_bayou_shore_b, grunt_megastairs_5, uniq_kirke
Lair:5:   layout_gridlike, hangedman_lair_generics_rect, uniq_rupert
Lair:6:   hangedman_lair_in_review, layout_loops_ring,
          hangedman_lair_caniforms_friends, minmay_slime_entry_pillars,
          chequers_serial_rivers_room_b, eino_small_chamber_without_monster

Skill      XL: |  1  2  3  4  5  6  7  8  9 10 11 12 13 14 |
---------------+-------------------------------------------+-----
Stealth        | 1 2 |  2.0
Long Blades    | 4 5 6 7 8 9 11 12 13 14 | 14.7
Ice Magic      | 2 4 6 7 |  7.0
Evocations     | 3 4 6 |  6.0
Charms         | 1 2 |  2.1
Spellcasting   | 3 4 6 7 |  7.5
Summonings     | 6 |  6.0
Fighting       | 8 11 12 | 12.7
Dodging        | 4 6 8 |  8.0
Necromancy     | 3 |  3.0

Action                   |  1- 3 |  4- 6 |  7- 9 | 10-12 | 13-15 || total
-------------------------+-------+-------+-------+-------+-------++-------
Melee: Falchion          |    87 |   170 |   387 |   466 |       ||  1110
       Tailslap          |    12 |    22 |    66 |   118 |    76 ||   294
       Kick              |       |       |    52 |    90 |       ||   142
       Headbutt          |       |       |       |   159 |    51 ||   210
       Great sword       |       |       |       |   329 |   450 ||   779
Throw: Stone             |    74 |    20 |       |     6 |       ||   100
       Dart              |       |    27 |    35 |    59 |       ||   121
       Boomerang         |       |       |     9 |    46 |    18 ||    73
       Javelin           |       |       |       |    11 |       ||    11
 Cast: Ozocubu's Armour  |       |       |     7 |    36 |    30 ||    73
       Summon Ice Beast  |       |       |       |    16 |     3 ||    19
       Animate Skeleton  |       |       |       |     8 |    43 ||    51
 Abil: Breathe Noxious F |       |       |    28 |    44 |    15 ||    87
       Blink             |       |       |       |       |     2 ||     2
Evoke: Wand              |       |       |     8 |    13 |    38 ||    59
       Phial of floods   |       |       |       |     2 |     1 ||     3
       Lightning rod     |       |       |       |     4 |     4 ||     8
  Use: Scroll            |     5 |     3 |     1 |     5 |     4 ||    18
       Potion            |       |       |     2 |       |       ||     2
 Stab: Sleeping          |       |     3 |     3 |     3 |     5 ||    14
       Paralysed         |       |     2 |    11 |    12 |     1 ||    26
       Confused          |       |       |    12 |    21 |     8 ||    41
       Petrified         |       |       |     3 |     8 |     4 ||    15
       Petrifying        |       |       |     2 |     3 |     4 ||     9
       Distracted        |       |       |       |     3 |     4 ||     7
       Invisible         |       |       |       |     9 |       ||     9
  Eat: Chunk             |     3 |    11 |    24 |    47 |    24 ||   109
       Ration            |       |       |     1 |     6 |     3 ||    10
Armor: Skin              |    18 |    48 |   104 |   309 |   229 ||   708
Dodge: Dodged            |    49 |   100 |   217 |   532 |   397 ||  1295
       Rpst.: Falchion   |    12 |    32 |    63 |    57 |       ||   164
       Great sword       |       |       |       |    91 |    86 ||   177

Table legend:
 A = Non-vault XP
 B = Vault XP
 C = Vault XP percentage of total XP
 D = Non-vault monster count
 E = Vault monster count
 F = Vault count percentage of total count
                 A         B        C        D         E       F
            +---------+---------+-------+---------+---------+-------
      Total |   38487 |   34288 |  47.1 |     392 |     204 |  34.2
            +---------+---------+-------+---------+---------+-------
        D:1 |      49 |       0 |   0.0 |      28 |       0 |   0.0
        D:2 |     158 |       0 |   0.0 |      30 |       0 |   0.0
        D:3 |     223 |     268 |  54.6 |      24 |       2 |   7.7
        D:4 |    1154 |       0 |   0.0 |      22 |       0 |   0.0
        D:5 |    1184 |     205 |  14.8 |      42 |       1 |   2.3
        D:6 |     999 |       0 |   0.0 |      20 |       0 |   0.0
        D:7 |    1899 |     228 |  10.7 |      44 |       1 |   2.2
        D:8 |     356 |     430 |  54.7 |       7 |       4 |  36.4
        D:9 |    1433 |    1188 |  45.3 |      23 |      30 |  56.6
       D:10 |    1765 |     507 |  22.3 |      11 |       4 |  26.7
       D:11 |    2343 |       0 |   0.0 |      12 |       0 |   0.0
     Lair:1 |     721 |     346 |  32.4 |       5 |       3 |  37.5
     Lair:2 |    3733 |    1753 |  32.0 |      20 |       8 |  28.6
     Lair:3 |    7817 |    5848 |  42.8 |      35 |      54 |  60.7
     Lair:4 |    3497 |    5660 |  61.8 |      20 |      14 |  41.2
     Lair:5 |    4104 |     362 |   8.1 |      20 |       2 |   9.1
     Lair:6 |    7052 |   17493 |  71.3 |      29 |      81 |  73.6
            +---------+---------+-------+---------+---------+-------
